 Dungeon Crawl Stone Soup version 0.31-a0-261-g072fdb8a1f (webtiles) character file.

Game seed: 10109034365652115806

763 Anon1729 the Ducker (level 8, -9/69 HPs)
             Began as a Meteoran Monk on July 13, 2023.
             Mangled by an ogre
             ... wielding a +0 giant club
              (28 damage)
             ... on level 5 of the Dungeon.
             The game lasted 00:03:38 (1974 turns).

Anon1729 the Ducker (Meteoran Monk)                 Turns: 1974, Time: 00:03:39

Health: -9/69      AC:  6    Str: 15    XL:     8   Next: 29%
Magic:  9/9        EV: 15    Int: 12    God:
Gold:   201        SH:  0    Dex: 16    Spells: 7/7 levels left

rFire   . .          .
                       - Unarmed
rCold   . . .        c - orb {light}
rNeg    + . .        n - +4 robe of Love and Death {rN+ rCorr}
rPois   .            (no helmet)
rElec   .            (no cloak)
rCorr   +            (no gloves)
SInv    .            (no boots)
Will    +....        (no amulet)
Stlth   +            (no ring)
HPRegen 0.31/turn    (no ring)
MPRegen 0.11/turn

%: no passive effects
@: glowing
A: sense surroundings 1, otherworldly, glowing, explore regen
a: no special abilities


You were on level 5 of the Dungeon.
You visited 1 branch of the dungeon, and saw 5 of its levels.

You collected 201 gold pieces.

Inventory:

Armour
 a - a +0 robe
 c - an orb of light (worn)
 n - the +4 robe of Love and Death (worn) {rN+ rCorr}
   (You found it on level 3 of the Dungeon)

   rN:        It protects you from negative energy.
   rCorr:     It protects you from acid and corrosion.
Scrolls
 d - a scroll of torment {unknown}
 f - a scroll of identify {unknown}
 g - 2 scrolls of enchant armour {unknown}
 h - a scroll of noise {unknown}
 i - a scroll of fear {unknown}
 k - a scroll of revelation {unknown}
 l - a scroll of amnesia {unknown}
 q - a scroll of immolation {unknown}
Potions
 b - a potion of ambrosia
 e - a potion of attraction {unknown}
 j - 2 potions of haste {unknown}
 m - a potion of magic {unknown}
 o - a potion of enlightenment {unknown}
 p - a potion of curing {unknown}


   Skills:
 + Level 5.5 Fighting
 + Level 6.0 Dodging
 + Level 6.0 Unarmed Combat
 + Level 4.6 Transmutations
 + Level 1.4 Shapeshifting


You had 7 spell levels left.
You didn't know any spells.
Your spell library contained the following spells:

 Spells                   Type           Power      Damage    Failure   Level
 Summon Small Mammal      Summ           0%         N/A       32%         1
 Blink                    Tloc           0%         N/A       45%         2
 Call Canine Familiar     Summ           0%         N/A       69%         3
 Portal Projectile        Hex/Tloc       0%         N/A       69%         3
 Summon Guardian Golem    Hex/Summ       0%         N/A       69%         3
 Leda's Liquefaction      Hex/Erth       0%         N/A       97%         4
 Manifold Assault         Tloc           0%         N/A       97%         4


Dungeon Overview and Level Annotations

Branches:
Dungeon (5/15) Zot: 1051
 Temple: D:4-7

Altars:
Kikubaaqudgha
Vehumet
Wu Jian


Innate Abilities, Weirdness & Mutations

You passively map a small area around you.
You are easily found by Zot.
You glow in the dark.
You regain HP and MP as you explore.


Message History

An ogre comes into view. It is wielding a +0 giant club.
The ogre shouts!
The hound bites you but does no damage.
You punch the hound!
The hound is severely wounded.
The hound bites you.
You hit the hound but do no damage.
The hound is severely wounded.
The hound bites you but does no damage.
You hit the hound.
The hound is severely wounded.
The hound bites you. The hound closely misses you.
You punch the hound!
You kill the hound!
You hit the ogre.
The ogre is moderately wounded.
The ogre completely misses you.
You hit the ogre but do no damage.
The ogre is moderately wounded.
You hit the ogre.
The ogre is moderately wounded.
The ogre hits you with a +0 giant club!!
You hit the ogre.
The ogre is heavily wounded.
The ogre hits you with a +0 giant club!!
* * * LOW HITPOINT WARNING * * *
You hear a shout!
You are too injured to fight recklessly!
You are too injured to fight recklessly!
You are too injured to fight recklessly!
You are too injured to fight recklessly!
You are too injured to fight recklessly!
You are too injured to fight recklessly!
You are too injured to fight recklessly!
You punch the ogre!
The ogre is severely wounded.
You hit the ogre.
The ogre is almost dead.
The ogre hits you with a +0 giant club!!
You die...

, , ,, * ..#
, * , ..#, *
* , .. * , ,,
.. * , ,, .#
* * , ,,, .#
♣ , ####O# ,
..., +..@.# *
,
,,.....##...#
, , * *
♣......<..# ,
,,
,..#.##..#.#
* ##.#.# *
,,,....# , ,
, ##.#.#
#.#.# #.#.. ,


You could see an ogre.

Vanquished Creatures
  Grinder (D:4)
  Sigmund (D:3)
  3 hounds
  An iguana (D:4)
  Terence (D:3)
  2 orc wizards (D:4)
  Natasha (thrice) (D:3)
  A gnoll (D:1)
  5 adders
  A worm (D:3)
  2 dart slugs
  4 orcs
  9 bats
  6 endoplasms
  A giant cockroach (D:1)
  12 goblins
  7 hobgoblins
  6 jackals
  4 quokkas
  5 ball pythons
  2 frilled lizards
  7 kobolds
  5 rats
89 creatures vanquished.

Notes
Turn   | Place    | Note
-------+----------+-------------------------------------------
     0 | D:1      | Anon1729 the Meteoran Monk began the quest for the Orb.
     0 | D:1      | Reached XP level 1. HP: 19/19 MP: 2/2
    68 | D:1      | Reached XP level 2. HP: 25/26 MP: 3/3
   115 | D:1      | Reached skill level 1 in Transmutations
   173 | D:1      | Reached XP level 3. HP: 29/31 MP: 4/4
   406 | D:1      | Reached XP level 4. HP: 23/40 MP: 5/5
   506 | D:1      | Glimpsed the power of Zot.
   752 | D:2      | Reached XP level 5. HP: 44/46 MP: 6/6
   755 | D:2      | You fall into a shaft and drop 1 floor!
   803 | D:3      | Noticed Natasha
   808 | D:3      | Killed Natasha
   827 | D:3      | Noticed Sigmund
   916 | D:3      | Killed Sigmund
   917 | D:3      | Reached skill level 5 in Dodging
   917 | D:3      | Reached skill level 5 in Unarmed Combat
   917 | D:3      | Reached XP level 6. HP: 24/53 MP: 7/7
   941 | D:3      | Noticed Natasha
   959 | D:3      | Noticed Terence
   966 | D:3      | Killed Natasha
   967 | D:3      | Reached XP level 7. HP: 18/60 MP: 8/8
   982 | D:3      | HP: 1/60 [Terence/+0 hand axe (7)]
   984 | D:3      | Killed Terence
  1172 | D:3      | Identified the +4 robe of Love and Death {rN+ rCorr}
  1232 | D:3      | Noticed Natasha
  1242 | D:3      | Killed Natasha
  1340 | D:3      | Found an ornate altar of the Wu Jian Council.
  1356 | D:3      | Found a large runed translucent door.
  1356 | D:3      | Found a large runed translucent door.
  1421 | D:3      | Found an ancient bone altar of Kikubaaqudgha.
  1433 | D:3      | Found a radiant altar of Vehumet.
  1463 | D:3      | Noticed a spectral centipede
  1463 | D:3      | Noticed a spectral black mamba
  1463 | D:3      | Noticed a spectral cane toad
  1533 | D:4      | Reached skill level 5 in Fighting
  1782 | D:4      | Noticed Grinder
  1783 | D:4      | Paralysed by Grinder for 3 turns
  1807 | D:4      | Paralysed by Grinder for 3 turns
  1813 | D:4      | Killed Grinder
  1814 | D:4      | Reached skill level 1 in Shapeshifting
  1814 | D:4      | Reached XP level 8. HP: 17/69 MP: 9/9
  1962 | D:5      | Entered Level 5 of the Dungeon
  1974 | D:5      | Mangled by an ogre

Illustrated notes

Levels and vault maps discovered:
D:1:      dpeg_arrival_concentric_ovals, layout_basic, serial_bayou_pond_c
D:2:      layout_basic, dreamdust_ecumenical_altar_sealed_demon,
          nicolae_underground_beach
D:3:      layout_basic, pdpol_wu_jian_five_deadly_venoms, jmf_multi_god_temple2,
          uniq_terence, uniq_natasha, uniq_sigmund
D:4:      layout_cave_pools, minmay_a_box_with_orc_wizards_in_it, uniq_grinder
D:5:      layout_basic, nicolae_concentric_dashed_squares_wild,
          serial_bayou_pond_c, minmay_misc_feat_plants, uniq_crazy_yiuf_cottage,
          uniq_duvessa, uniq_menkaure

Skill      XL: |  1  2  3  4  5  6  7  8 |
---------------+-------------------------+-----
Transmutations | 1 2 3 4 |  4.6
Dodging        | 4 5 6 |  6.0
Unarmed Combat | 4 5 6 |  6.0
Fighting       | 4 5 |  5.5
Shapeshifting  | 1 |  1.4

Action                     |  1- 3 |  4- 6 |  7- 9 || total
---------------------------+-------+-------+-------++-------
  Melee: Unarmed           |    79 |   126 |   142 ||   347
    Use: Potion            |       |     1 |     1 ||     2
 Armour: Robe              |    23 |    24 |    36 ||    83
  Dodge: Dodged            |    48 |    87 |    60 ||   195

Table legend: (Time is in decaauts)
 A = Elapsed time spent in this place.
 B = Non-inter-level travel time spent in this place.
 C = Inter-level travel time spent in this place.
 D = Time resting spent in this place.
 E = Time spent auto-exploring this place.
 F = Levels seen in this place.
 G = Mean time per level.
                   A        B        C        D        E       F      G
               +--------+--------+--------+--------+--------+-----+--------+
         Total |   1948 |   1885 |     63 |     85 |   1129 |   5 |  389.6 |
       Dungeon |   1948 |   1885 |     63 |     85 |   1129 |   5 |  389.6 |
               +--------+--------+--------+--------+--------+-----+--------+

Top non-repeatable levels by time:
     D:3: 687 daAuts
     D:1: 509 daAuts
     D:4: 505 daAuts
     D:2: 235 daAuts
     D:5: 10 daAuts
